MLB
LOS ANGELES (N) DODGERS @ ST. LOUIS CARDINALS
08/25/2041
 
TOP OF THE 1ST
Los Angeles (N) Dodgers batting - Pitching for St. Louis Cardinals : LHP Ron Stonge
Pitching: LHP Ron Stonge
Batting: RHB Rocky Hutchison 0-0: Ball
1-0: Ball
2-0: Foul Ball, location: 5F
2-1: Fly out, F9 (Flyball, 9, EV 96.3 MPH)
Batting: LHB Sean Williams 0-0: Ball
1-0: Foul Ball, location: 2F
1-1: Fly out, F8 (Flyball, 89M, EV 87.5 MPH)
Batting: SHB Gonzo Ganjahlez 0-0: Ball
1-0: Called Strike
1-1: Ball
2-1: Ball
3-1: Fly out, F7 (Flyball, 7D, EV 81.9 MPH)
Top of the 1st over - 0 runs, 0 hits, 0 errors, 0 left on base; Los Angeles (N) 0 - St. Louis 0
BOTTOM OF THE 1ST
St. Louis Cardinals batting - Pitching for Los Angeles (N) Dodgers : RHP Tony Eduardo
Pitching: RHP Tony Eduardo
Batting: RHB Chris Alexander 0-0: Ball
1-0: Foul Ball, location: 9LDF
1-1: SINGLE (Groundball, 3D, EV 103.1 MPH)
Batting: LHB Sexto Córdova 0-0: Ball
1-0: DOUBLE (Flyball, 8RXD, EV 98.1 MPH)
Chris Alexander to third
Chris Alexander scores
Batting: RHB Ed Johnson 0-0: Called Strike
0-1: Foul Ball, location: 2F
0-2: Foul Ball, location: 2F
0-2: Ball
1-2: Ball
2-2: Ball
3-2: Strikes out swinging
Batting: LHB José Esparza 0-0: Foul Ball, location: 5F
0-1: Ball
1-1: Foul Ball, location: 5F
1-2: Ground out 4-3 (Groundball, 4, EV 88.1 MPH)
Sexto Córdova to third
Batting: LHB Les Dufour 0-0: Ball
1-0: Called Strike
1-1: Ball
2-1: Ground out 2-3 (Groundball, 2L, EV 64.4 MPH)
Bottom of the 1st over - 1 run, 2 hits, 0 errors, 1 left on base; Los Angeles (N) 0 - St. Louis 1
TOP OF THE 2ND
Los Angeles (N) Dodgers batting - Pitching for St. Louis Cardinals : LHP Ron Stonge
Batting: RHB Abraão Vicente 0-0: Called Strike
0-1: Swinging Strike
0-2: Strikes out swinging
Batting: RHB Luis Yagues 0-0: Swinging Strike
0-1: Ball
1-1: Fly out, F7 (Line Drive, 7D, EV 90.0 MPH)
Batting: RHB José Costa 0-0: Called Strike
0-1: Fly out, F8 (Flyball, 8RXD, EV 105.0 MPH)
Top of the 2nd over - 0 runs, 0 hits, 0 errors, 0 left on base; Los Angeles (N) 0 - St. Louis 1
BOTTOM OF THE 2ND
St. Louis Cardinals batting - Pitching for Los Angeles (N) Dodgers : RHP Tony Eduardo
Batting: SHB Pepe Robles 0-0: Ball
1-0: Swinging Strike
1-1: Foul Ball, location: 25FF
1-2: Ground out U3 (Groundball, 34S, EV 88.1 MPH)
Batting: RHB Joe Silver 0-0: Called Strike
0-1: Called Strike
0-2: Ball
1-2: Ball
2-2: Fly out, F8 (Flyball, 8LD, EV 91.3 MPH)
Batting: RHB José Días 0-0: Called Strike
0-1: Ground out 5-3 (Groundball, 5, EV 98.8 MPH)
Bottom of the 2nd over - 0 runs, 0 hits, 0 errors, 0 left on base; Los Angeles (N) 0 - St. Louis 1
TOP OF THE 3RD
Los Angeles (N) Dodgers batting - Pitching for St. Louis Cardinals : LHP Ron Stonge
Batting: SHB Leroy Brown 0-0: Ball
1-0: Foul Ball, location: 7LMF
1-1: Foul Ball, location: 5SF
1-2: Fly out, F8 (Flyball, 8RD, EV 103.1 MPH)
Batting: RHB Po-sin Song 0-0: Ball
1-0: Ball
2-0: SINGLE (Line Drive, 8LS, EV 88.1 MPH)
Batting: RHB Don Powers 0-0: Called Strike
0-1: Ball
Po-sin Song steals 2nd base (no throw)
1-1: Swinging Strike
1-2: Strikes out swinging
Batting: RHB Rocky Hutchison 0-0: Ground out 4-3 (Groundball, 4M, EV 104.4 MPH)
Top of the 3rd over - 0 runs, 1 hit, 0 errors, 1 left on base; Los Angeles (N) 0 - St. Louis 1
BOTTOM OF THE 3RD
St. Louis Cardinals batting - Pitching for Los Angeles (N) Dodgers : RHP Tony Eduardo
Batting: LHB Tomás Quezada 0-0: Foul Ball, location: 25F
0-1: Ball
1-1: Called Strike
1-2: Ball
2-2: Ground out 3-1 (Groundball, 34, EV 108.8 MPH)
Batting: RHB Chris Alexander 0-0: Fly out, F9 (Flyball, 9S, EV 89.4 MPH)
Batting: LHB Sexto Córdova 0-0: Ball
1-0: Ball
2-0: SINGLE (Line Drive, 6MD, EV 100.0 MPH)
Batting: RHB Ed Johnson 0-0: Foul Ball, location: 23F
0-1: Called Strike
0-2: Ground out 5-3 (Groundball, 56S, EV 83.1 MPH)
Bottom of the 3rd over - 0 runs, 1 hit, 0 errors, 1 left on base; Los Angeles (N) 0 - St. Louis 1
TOP OF THE 4TH
Los Angeles (N) Dodgers batting - Pitching for St. Louis Cardinals : LHP Ron Stonge
Batting: LHB Sean Williams 0-0: Called Strike
0-1: Swinging Strike
0-2: Foul Ball, location: 2F
0-2: Strikes out swinging
Batting: SHB Gonzo Ganjahlez 0-0: Ball
1-0: Ball
2-0: Fly out, F8 (Flyball, 8LD, EV 107.5 MPH)
Batting: RHB Abraão Vicente 0-0: Foul Ball, location: 23F
0-1: Swinging Strike
0-2: Foul Ball, location: 2F
0-2: Ball
1-2: Strikes out looking
Top of the 4th over - 0 runs, 0 hits, 0 errors, 0 left on base; Los Angeles (N) 0 - St. Louis 1
BOTTOM OF THE 4TH
St. Louis Cardinals batting - Pitching for Los Angeles (N) Dodgers : RHP Tony Eduardo
Batting: LHB José Esparza 0-0: Ball
1-0: SOLO HOME RUN (Flyball, 9LD, EV 98.8 MPH), Distance : 353 ft
Batting: LHB Les Dufour 0-0: Ball
1-0: Ball
2-0: Fly out, F7 (Flyball, 78M, EV 85.0 MPH)
Batting: SHB Pepe Robles 0-0: Called Strike
0-1: Ball
1-1: Ball
2-1: Ball
3-1: Base on Balls
Batting: RHB Joe Silver 0-0: Ball
1-0: Foul Ball, location: 9LDF
1-1: Fly out, F8 (Flyball, 8LM, EV 88.1 MPH)
Batting: RHB José Días 0-0: Called Strike
0-1: Ball
1-1: Ball
2-1: Foul Ball, location: 25F
2-2: Strikes out swinging
Bottom of the 4th over - 1 run, 1 hit, 0 errors, 1 left on base; Los Angeles (N) 0 - St. Louis 2
TOP OF THE 5TH
Los Angeles (N) Dodgers batting - Pitching for St. Louis Cardinals : LHP Ron Stonge
Batting: RHB Luis Yagues 0-0: Ball
1-0: Ball
2-0: DOUBLE (Flyball, 89XD, EV 93.8 MPH)
Batting: RHB José Costa 0-0: Ball
1-0: 2-RUN HOME RUN (Flyball, 78XD, EV 98.8 MPH), Distance : 417 ft
Batting: SHB Leroy Brown 0-0: Ball
1-0: Foul Ball, location: 2F
1-1: Ball
2-1: Fly out, F9 (Flyball, 9LMF, EV 82.5 MPH)
Batting: RHB Po-sin Song 0-0: Ground out 5-3 (Groundball, 56, EV 82.5 MPH)
Batting: RHB Don Powers 0-0: Called Strike
0-1: Foul Ball, location: 3F
0-2: Foul Ball, location: 7LMF
0-2: Ball
1-2: Ground out 4-3 (Groundball, 34, EV 86.3 MPH)
Top of the 5th over - 2 runs, 2 hits, 0 errors, 0 left on base; Los Angeles (N) 2 - St. Louis 2
BOTTOM OF THE 5TH
St. Louis Cardinals batting - Pitching for Los Angeles (N) Dodgers : RHP Tony Eduardo
Batting: LHB Tomás Quezada 0-0: SINGLE (Flyball, 34D, EV 95.0 MPH) - OUT at second base trying to stretch hit.
Batting: RHB Chris Alexander 0-0: Ball
1-0: Foul Ball, location: 25F
1-1: Fly out, F8 (Flyball, 8LXD, EV 106.9 MPH)
Batting: LHB Sexto Córdova 0-0: Called Strike
0-1: SINGLE (Line Drive, 4MD, EV 95.0 MPH)
Batting: RHB Ed Johnson 0-0: Foul Ball, location: 9LMF
0-1: Foul Ball, location: 2F
0-2: Ball
1-2: Ball
2-2: Fly out, F6 (Popup, 6MS, EV 75.6 MPH)
Bottom of the 5th over - 0 runs, 2 hits, 0 errors, 1 left on base; Los Angeles (N) 2 - St. Louis 2
TOP OF THE 6TH
Los Angeles (N) Dodgers batting - Pitching for St. Louis Cardinals : LHP Ron Stonge
Batting: RHB Rocky Hutchison 0-0: Ball
1-0: Ball
2-0: Foul Ball, location: 2F
2-1: Foul Ball, location: 5F
2-2: Fly out, F7 (Line Drive, 7, EV 88.8 MPH)
Batting: LHB Sean Williams 0-0: Foul Ball, location: 3FF
0-1: DOUBLE (Line Drive, 9LM, EV 91.9 MPH)
Batting: SHB Gonzo Ganjahlez 0-0: Foul Ball, location: 2F
0-1: Ground out 2-3 (Groundball, 2L, EV 66.3 MPH)
Batting: RHB Abraão Vicente 0-0: Ball
1-0: Swinging Strike
1-1: Ball
2-1: Ball
3-1: Foul Ball, location: 2RF
3-2: Base on Balls
Batting: RHB Luis Yagues 0-0: Foul Ball, location: 2RF
0-1: Foul Ball, location: 9LSF
0-2: Ball
1-2: Strikes out swinging
Top of the 6th over - 0 runs, 1 hit, 0 errors, 2 left on base; Los Angeles (N) 2 - St. Louis 2
BOTTOM OF THE 6TH
St. Louis Cardinals batting - Pitching for Los Angeles (N) Dodgers : RHP Tony Eduardo
Batting: LHB José Esparza 0-0: Called Strike
0-1: Swinging Strike
0-2: Strikes out swinging
Batting: LHB Les Dufour 0-0: Ball
1-0: Ground out U3 (Groundball, 3L, EV 110.0 MPH)
Batting: SHB Pepe Robles 0-0: Ball
1-0: Ground out U3 (Groundball, 3, EV 103.1 MPH)
Bottom of the 6th over - 0 runs, 0 hits, 0 errors, 0 left on base; Los Angeles (N) 2 - St. Louis 2
TOP OF THE 7TH
Los Angeles (N) Dodgers batting - Pitching for St. Louis Cardinals : LHP Ron Stonge
Batting: RHB José Costa 0-0: Called Strike
0-1: Swinging Strike
0-2: Foul Ball, location: 2F
0-2: Ball
1-2: Ball
2-2: Ball
3-2: Fly out, F9 (Line Drive, 9, EV 90.0 MPH)
Batting: SHB Leroy Brown 0-0: Called Strike
0-1: Ball
1-1: Ball
2-1: Fly out, F7 (Flyball, 7D, EV 106.3 MPH)
Batting: RHB Po-sin Song 0-0: Swinging Strike
0-1: Ball
1-1: Called Strike
1-2: Ball
2-2: Fly out, F3 (Popup, 3SF, EV 69.4 MPH)
Top of the 7th over - 0 runs, 0 hits, 0 errors, 0 left on base; Los Angeles (N) 2 - St. Louis 2
BOTTOM OF THE 7TH
St. Louis Cardinals batting - Pitching for Los Angeles (N) Dodgers : RHP Tony Eduardo
Batting: RHB Joe Silver 0-0: Swinging Strike
0-1: Ball
1-1: Called Strike
1-2: Strikes out swinging
Batting: RHB José Días 0-0: Ball
1-0: Ball
2-0: Called Strike
2-1: Swinging Strike
2-2: Foul Ball, location: 25F
2-2: Strikes out looking
Batting: LHB Tomás Quezada 0-0: Called Strike
0-1: Ball
1-1: Foul Ball, location: 2F
1-2: Foul Ball, location: 5SF
1-2: Strikes out swinging
Bottom of the 7th over - 0 runs, 0 hits, 0 errors, 0 left on base; Los Angeles (N) 2 - St. Louis 2
TOP OF THE 8TH
Los Angeles (N) Dodgers batting - Pitching for St. Louis Cardinals : LHP Ron Stonge
Pitching: RHP José Manuel
Batting: RHB Don Powers 0-0: Fly out, F7 (Flyball, 7LSF, EV 86.3 MPH)
Batting: RHB Rocky Hutchison 0-0: Swinging Strike
0-1: Ball
1-1: Swinging Strike
1-2: Foul Ball, location: 2F
1-2: Strikes out swinging
Batting: LHB Sean Williams 0-0: Swinging Strike
0-1: Foul Ball, location: 5SF
0-2: Ball
1-2: Ball
2-2: Ball
3-2: Foul Ball, location: 7LSF
3-2: Ground out 6-3 (Groundball, 6M, EV 85.0 MPH)
Top of the 8th over - 0 runs, 0 hits, 0 errors, 0 left on base; Los Angeles (N) 2 - St. Louis 2
BOTTOM OF THE 8TH
St. Louis Cardinals batting - Pitching for Los Angeles (N) Dodgers : RHP Tony Eduardo
Pitching: RHP Alex Myers
Batting: RHB Chris Alexander 0-0: Called Strike
0-1: Ball
1-1: Fly out, F4 (Popup, 4, EV 60.0 MPH)
Batting: LHB Sexto Córdova 0-0: Ball
1-0: Ball
2-0: Ball
3-0: Called Strike
3-1: Foul Ball, location: 2F
3-2: Base on Balls
Batting: RHB Ed Johnson 0-0: Ball
Wild Pitch!
Sexto Córdova to second
1-0: Swinging Strike
1-1: Called Strike
1-2: SINGLE (Groundball, 6MD, EV 101.3 MPH)
Sexto Córdova to third
Runner from 3rd tries for Home, SAFE, throw by CF to home
Batting: LHB José Esparza 0-0: Swinging Strike
0-1: Ball
1-1: Called Strike
1-2: Strikes out swinging
Batting: LHB Les Dufour 0-0: Ball
1-0: Ball
2-0: Ball
3-0: Called Strike
3-1: Reached on error, E6 (Groundball, 6, EV 83.8 MPH)
Ed Johnson to second
Pinch Runner at 2nd Bob Wright:
Batting: SHB Pepe Robles 0-0: Called Strike
0-1: Ball
1-1: Ball
2-1: Foul Ball, location: 23F
2-2: Fielders Choice at 2nd, U4 (Groundball, 4M, EV 102.5 MPH)
Bottom of the 8th over - 1 run, 1 hit, 1 error, 2 left on base; Los Angeles (N) 2 - St. Louis 3
TOP OF THE 9TH
Los Angeles (N) Dodgers batting - Pitching for St. Louis Cardinals : RHP José Manuel
Now at 1B: Kevin Hempsall
Batting: SHB Gonzo Ganjahlez 0-0: Called Strike
0-1: Fly out, F8 (Flyball, 89M, EV 91.9 MPH)
Batting: RHB Abraão Vicente 0-0: Ground out 4-3 (Groundball, 34, EV 76.9 MPH)
Batting: RHB Luis Yagues 0-0: Called Strike
0-1: Ball
1-1: Ground out 6-3 (Groundball, 6, EV 86.3 MPH)
Top of the 9th over - 0 runs, 0 hits, 0 errors, 0 left on base; Los Angeles (N) 2 - St. Louis 3
Sunday, March 24th , 2024 - OOTP Baseball 24.10 Build 82